 Dungeon Crawl Stone Soup version 0.25.0-11-g1f837a76a1 (console) character file.

Game seed: 6416636376456150391

326 bli the Digger (level 6, 0/48 HPs)
             Began as a Draconian Earth Elementalist on June 27, 2020.
             Was an Initiate of Sif Muna.
             Slain by a shadow imp (5 damage)
             ... summoned by Eustachio
             ... on level 4 of the Dungeon.
             The game lasted 00:11:16 (3284 turns).

bli the Digger (Draconian Earth Elementalist)       Turns: 3284, Time: 00:11:18

Health: 0/48       AC:  7    Str: 16    XL:     6   Next: 24%
Magic:  0/11       EV: 13    Int: 16    God:    Sif Muna [......]
Gold:   121        SH:  0    Dex: 13    Spells: 11/12 levels left

rFire    . . .     SeeInvis .     - Unarmed
rCold    . . .     Gourm    .   (no shield)
rNeg     . . .     Faith    .   (armour unavailable)
rPois    .         Spirit   .   h - +1 hat
rElec    .         Reflect  .   (no cloak)
rCorr    .         Harm     .   (no gloves)
MR       .....                  (no boots)
Stlth    ++........             (no amulet)
HPRegen  0.16/turn              f - +6 ring of strength
MPRegen  0.12/turn              (no ring)

@: no status effects
A: unfitting armour, cold-blooded, AC +6
a: Renounce Religion


You were on level 4 of the Dungeon.
You worshipped Sif Muna.
Sif Muna was noncommittal.
You were not hungry.

You visited 1 branch of the dungeon, and saw 4 of its levels.

You collected 121 gold pieces.

Inventory:

Hand Weapons
 j - a +0 spear of venom
Missiles
 b - 29 stones (quivered)
 e - 47 arrows
 m - 8 poisoned darts
Armour
 h - a +1 hat (worn)
Jewellery
 f - a +6 ring of strength (left hand)
Wands
 o - a wand of digging (6)
 p - a wand of paralysis (9)
Scrolls
 i - a scroll of remove curse {unknown}
 k - 2 scrolls of identify {unknown}
 l - 3 scrolls of teleportation {unknown}
 n - a scroll of magic mapping {unknown}
Potions
 a - 3 potions of flight {unknown}
 d - 2 potions of curing {unknown}
 g - a potion of brilliance {unknown}
 q - a potion of might {unknown}
Comestibles
 c - 4 rations
 r - 10 chunks of flesh


   Skills:
 * Level 2.2 Fighting
 + Level 2.5 Dodging
 + Level 2.1 Stealth
 + Level 1.7 Unarmed Combat
 + Level 3.9 Spellcasting
   Level 1.0 Transmutations
 + Level 4.3 Earth Magic


You had 11 spell levels left.
You knew the following spells:

 Your Spells              Type           Power        Failure   Level  Hunger
a - Sandblast             Erth           ###...       2%          1    None

Your spell library contained the following spells:

 Spells                   Type           Power        Failure   Level  Hunger
 Passwall                 Tmut/Erth      ##......     9%          2    ##.....
 Stone Arrow              Conj/Erth      ##....       22%         3    ###....
 Petrify                  Tmut/Erth      ##......     50%         4    ####...
 Lee's Rapid Deconstruct  Erth           ###.......   61%         5    ######.


Dungeon Overview and Level Annotations

Branches:
Dungeon (4/15)             Temple (0/1) D:4

Altars:
Cheibriados
Nemelex Xobeh
Sif Muna

Annotations:
D:4 Eustachio


Innate Abilities, Weirdness & Mutations

Your plain brown scales are hard. (AC +6)
You cannot fit into any form of body armour.
You are cold-blooded and may be slowed by cold attacks.


Message History

Eustachio mumbles some strange words.
Eustachio blinks!
The crimson imp hits you but does no damage.
You hit the bat.
The bat is heavily wounded.
The bat hits you but does no damage. x2; The shadow imp closely misses you.
The crimson imp blinks!
You closely miss the bat.
The bat is heavily wounded.
The bat barely misses you. The bat hits you but does no damage.
The rat barely misses you. The shadow imp hits you.
* * * LOW HITPOINT WARNING * * *
Eustachio mumbles some strange words.
You hit the bat but do no damage.
The bat is heavily wounded.
The rat disappears in a puff of smoke!
The bat closely misses you. The rat bites you.
* * * LOW HITPOINT WARNING * * *
The shadow imp gestures at you. Pain shoots through your body!
* * * LOW HITPOINT WARNING * * *
The shadow imp hits you.
You die...

#.### ...#
###..###
#...... #...#
##.⌠.## ##
#.....## .#
#..#.#..##.#
...$.##.##....#
....##.55##...#
..⌠....>r@b@⌠.#
(...##..5##...#
.@. ##.##...§#
.. #.#..##.# .
....# .# #.⌠.#
.. #... .#
.....


You could see Eustachio (fast), a crimson imp (summoned), 2 shadow imps, a bat
(summoned) and a rat (summoned).

Vanquished Creatures
  Grinder (D:4)
  4 gnolls (D:3)
  3 adders
  2 worms (D:2)
  3 dart slugs
  5 orcs (D:3)
  8 bats
  4 giant cockroaches
  14 hobgoblins
  9 kobolds
  3 frilled lizards
  5 goblins
  4 rats
65 creatures vanquished.

Notes
Turn   | Place    | Note
-------+----------+-------------------------------------------
     0 | D:1      | bli the Draconian Earth Elementalist began the quest for
                  | the Orb.
     0 | D:1      | Reached XP level 1. HP: 14/14 MP: 3/3
   157 | D:1      | Reached XP level 2. HP: 20/20 MP: 1/5
  1020 | D:1      | Reached XP level 3. HP: 26/26 MP: 2/7
  1573 | D:2      | Found a sparkling altar of Nemelex Xobeh.
  2067 | D:2      | Found a shimmering blue altar of Sif Muna.
  2070 | D:2      | Became a worshipper of Sif Muna the Loreminder
  2215 | D:3      | Reached XP level 4. HP: 28/34 MP: 8/8
  2408 | D:3      | Reached skill level 1 in Unarmed Combat
  2538 | D:3      | Found a snail-covered altar of Cheibriados.
  2560 | D:3      | Reached skill level 1 in Fighting
  2944 | D:3      | Reached XP level 5. HP: 38/40 MP: 6/9
  3244 | D:4      | Found a staircase to the Ecumenical Temple.
  3244 | D:4      | Noticed Grinder
  3247 | D:4      | Paralysed by Grinder for 2 turns
  3256 | D:4      | Killed Grinder
  3256 | D:4      | Reached skill level 4 in Earth Magic
  3256 | D:4      | Reached XP level 6. HP: 37/48 MP: 5/11
  3263 | D:4      | Noticed Eustachio
  3284 | D:4      | Slain by a shadow imp

Illustrated notes

Levels and vault maps discovered:
D:1:      evilmike_arrival_crescent, layout_loops_ring, minmay_misc_feat_hallway
D:2:      layout_loops_ring, nemelex_xobeh_ov_fountains_minmay, first_ration,
          lemuel_blue_sif_altar
D:3:      layout_basic, cheibriados_altar_1
D:4:      layout_loops_ring, minmay_temple_entry_waves, lemuel_angel_altar,
          uniq_grinder, uniq_eustachio

Skill      XL: |  1  2  3  4  5 |
---------------+----------------+-----
Dodging        | 2 |  2.5
Spellcasting   | 3 |  3.9
Unarmed Combat | 1 |  1.7
Fighting       | 1 2 |  2.2
Stealth        | 2 |  2.1
Earth Magic    | 4 |  4.3
Transmutations | |  1.0

Action                   |  1- 3 |  4- 6 || total
-------------------------+-------+-------++-------
Melee: Unarmed           |   138 |    60 ||   198
       Tailslap          |    19 |     7 ||    26
Throw: Stone             |       |     7 ||     7
 Cast: Sandblast         |    42 |    41 ||    83
 Stab: Sleeping          |     4 |     2 ||     6
  Eat: Chunk             |     5 |     3 ||     8
Armor: Skin              |    51 |    28 ||    79
Dodge: Dodged            |    83 |    58 ||   141
